 Dungeon Crawl Stone Soup version 0.29.1-15-g9cfb28693d (webtiles) character file.

Game seed: 3045170117146051171

74 protoss039 the Digger (level 4, -1/33 HPs)
             Began as a Demonspawn Earth Elementalist on Mar 9, 2023.
             Slain by a gnoll
             ... wielding a +0 halberd
              (10 damage)
             ... on level 3 of the Dungeon.
             The game lasted 00:01:48 (2724 turns).

protoss039 the Digger (DsEE)                        Turns: 2724, Time: 00:01:49

Health: -1/33      AC:  5    Str:  8    XL:     4   Next: 9%
Magic:  7/8        EV: 10    Int: 19    God:
Gold:   116        SH:  0    Dex: 13    Spells: 5/8 levels left

rFire   . . .      SeeInvis .   j - +1 short sword (venom)
rCold   . . .      Faith    .   (no shield)
rNeg    . . .      Spirit   .   h - +0 ring mail
rPois   .          Reflect  .   (no helmet)
rElec   .          Harm     .   (no cloak)
rCorr   .          Rampage  .   (no gloves)
Will    .....                   (no boots)
Stlth   +.........              (no amulet)
HPRegen 0.11/turn               (no ring)
MPRegen 0.11/turn               (no ring)

@: no status effects
A: spiny 2
a: no special abilities


You were on level 3 of the Dungeon.
You visited 1 branch of the dungeon, and saw 3 of its levels.

You collected 116 gold pieces.

Inventory:

Hand Weapons
 j - a +1 short sword of venom (weapon)
Armour
 h - a +0 ring mail (worn)
Scrolls
 d - a scroll of noise {unknown}
 f - a scroll of amnesia {unknown}
 g - 2 scrolls of identify {unknown}
 k - a scroll of brand weapon {unknown}
 m - a scroll of enchant weapon {unknown}
 n - a scroll of immolation {unknown}
 p - a scroll of vulnerability {unknown}
 r - a scroll of enchant armour {unknown}
Potions
 a - 2 potions of haste {unknown}
 b - a potion of magic
 c - a potion of curing {unknown}
 e - a potion of mutation {unknown}
 i - a potion of resistance {unknown}
 l - a potion of degeneration {unknown}
 o - a potion of heal wounds {unknown}
 q - a potion of flight {unknown}


   Skills:
 + Level 1.8 Fighting
 * Level 0.7 Armour
 - Level 1.7 Dodging
 - Level 1.7 Stealth
 + Level 2.8 Spellcasting
 - Level 0.8 Transmutations
 + Level 3.3 Earth Magic


You had 5 spell levels left.
You knew the following spells:

 Your Spells              Type           Power      Damage    Failure   Level
a - Sandblast             Erth           30%        2d9       12%         1
b - Passwall              Tmut/Erth      8%         N/A       30%         2

Your spell library contained the following spells:

 Spells                   Type           Power      Damage    Failure   Level
 Stone Arrow              Conj/Erth      18%        3d8       58%         3
 Petrify                  Tmut/Erth      10%        N/A       90%         4
 Conjure Ball Lightning   Conj/Air       1%         3x3d6     100%        6
 Discord                  Hex            1%         N/A       100%        8
 Disjunction              Tloc           1%         N/A       100%        8


Dungeon Overview and Level Annotations

Branches:
Dungeon (3/15) Zot: 15264

Altars:

Shops:
D:2 ([=[


Innate Abilities, Weirdness & Mutations

You are mostly covered in sharp spines.


Message History

You see here a throwing net.
There are monsters nearby!
You hit the gnoll.
The gnoll is heavily wounded.
The gnoll barely misses you.
There are monsters nearby!
There are monsters nearby!
You hit the gnoll.
The gnoll is poisoned.
The gnoll is heavily wounded.
The gnoll is struck by your spines. The gnoll hits you with a +0 flail!
There are monsters nearby!
You hit the gnoll.
You kill the gnoll!
The gnoll hits you with a +0 club.
The gnoll hits you from afar with a +0 halberd.
You have reached level 4!
You feel clever.
Unknown command.
Unknown command.
Unknown command.
You aren't carrying any pieces of jewellery.
Unknown command.
Casting: Sandblast (safe; 12% risk of failure)
Confirm with . or Enter, or press ? or * to list all spells.
Aiming: Sandblast (safe; 12% risk of failure)
Press: ? - help, Shift-Dir - straight line, f - gnoll
Aim: a gnoll, wielding a +0 club (84% to hit)
Okay, then.
The gnoll attacks as you move away! The gnoll hits you with a +0 club.
* * * LOW HITPOINT WARNING * * *
Casting: Sandblast (safe; 12% risk of failure)
Confirm with . or Enter, or press ? or * to list all spells.
Aiming: Sandblast (safe; 12% risk of failure)
Press: ? - help, Shift-Dir - straight line, f - gnoll
Aim: a gnoll, wielding a +0 club (84% to hit)
The blast of sand hits the gnoll!
The gnoll is severely wounded.
The gnoll hits you but does no damage.
The gnoll hits you from afar with a +0 halberd!
You die...

#..).......##
+...........
#..........
#.(.....# #.....#
#)..# #g# #g# #@#
#.###########.####
#................#
########..#.<....#
#.........#
#.........###
#............
#.........###
##........#


You could see 2 gnolls.

Vanquished Creatures
  A gnoll (D:3)
  2 adders (D:2)
  A white imp (D:3)
  A dart slug (D:2)
  An orc (D:3)
  7 ball pythons
  2 endoplasms
  A giant cockroach (D:3)
  3 goblins
  3 hobgoblins
  A quokka (D:2)
  4 bats
  4 frilled lizards (D:2)
  3 kobolds
  5 rats
39 creatures vanquished.

Vanquished Creatures (others)
  A plant (D:2)
1 creature vanquished.

Grand Total: 40 creatures vanquished

Notes
Turn   | Place    | Note
-------+----------+-------------------------------------------
     0 | D:1      | protoss039 the Demonspawn Earth Elementalist began the
                  | quest for the Orb.
     0 | D:1      | Reached XP level 1. HP: 13/13 MP: 3/3
    21 | D:1      | Found a faded altar of an unknown god.
   443 | D:1      | Gained mutation: You are partially covered in sharp spines.
                  | [demonic ancestry]
   443 | D:1      | Reached XP level 2. HP: 20/20 MP: 3/5
   699 | D:2      | Reached skill level 1 in Fighting
   780 | D:2      | Found Niaddad's Weapon Emporium.
   916 | D:2      | Found Riqimal's Antique Armour Shoppe.
   934 | D:2      | Reached skill level 3 in Earth Magic
  1125 | D:2      | Found Tuchos's Jewellery Emporium.
  1144 | D:2      | Gained mutation: You are mostly covered in sharp spines.
                  | [demonic ancestry]
  1144 | D:2      | Reached XP level 3. HP: 18/26 MP: 3/6
  1431 | D:2      | Found Ruim's Antique Armour Shoppe.
  2000 | D:2      | Learned a level 2 spell: Passwall
  2722 | D:3      | Reached XP level 4. HP: 11/33 MP: 8/8
  2724 | D:3      | Slain by a gnoll

Illustrated notes

Levels and vault maps discovered:
D:1:      minmay_arrival_jagged, layout_basic,
          shapermc_ecumenical_altar_acropolis
D:2:      layout_rooms, serial_forest, infiniplex_forest_lined_1,
          infiniplex_forest_join, infiniplex_forest_end_2,
          infiniplex_forest_end_double, infiniplex_forest_zigzag_1,
          infiniplex_forest_lined_room_2, infiniplex_forest_clump_small,
          infiniplex_forest_clump_diagonal, infiniplex_forest_clump_medium,
          serial_shops, shop, nicolae_shop_behind_doors, shop,
          nicolae_shop_hallway_plus
D:3:      layout_loops_corners, chequers_serial_rivers_marsh,
          due_unseen_surprise

Skill      XL: |  1  2 |
---------------+-------+-----
Fighting       | 1 |  1.8
Earth Magic    | 3 |  3.3
Armour         | |  0.7
Dodging        | |  1.7
Stealth        | |  1.7
Spellcasting   | |  2.8
Transmutations | |  0.8

Action                   |  1- 3 |  4- 6 || total
-------------------------+-------+-------++-------
Melee: Unarmed           |     1 |       ||     1
       Spear             |    39 |       ||    39
       Dagger            |    11 |       ||    11
       Short sword       |    13 |       ||    13
 Cast: Sandblast         |    15 |     1 ||    16
 Stab: Distracted        |     1 |       ||     1
       Sleeping          |     1 |       ||     1
Armor: Ring mail         |    20 |     1 ||    21
Dodge: Dodged            |    26 |       ||    26
